 Dungeon Crawl Stone Soup version 0.18-a0-875-ga513d27 (webtiles) character file.

17484 pk666 the Severer (level 12, -4/183 HPs)
             Began as a Minotaur Berserker on Dec 22, 2015.
             Was a High Priest of Trog.
             Slain by a yak (12 damage)
             ... in an ice cave.
             The game lasted 00:26:43 (13516 turns).

pk666 the Severer (Minotaur Berserker)             Turns: 13516, Time: 00:26:46

Health: -4/183     AC: 11    Str: 33    XL:     12   Next: 19%
Magic:  11/11      EV:  9    Int:  4    God:    Trog [*****.]
Gold:   602        SH:  4    Dex:  9    Spells: 0 memorised, 11 levels left

rFire  . . .     SeeInvis .     Q - +1 battleaxe (venom)
rCold  . . .     Gourm    .     i - +0 chain mail
rNeg   + + .     Faith    .     (shield currently unavailable)
rPois  .         Spirit   .     k - +0 hat
rElec  .         Dismiss  .     L - +0 cloak
rCorr  .         Reflect  +     x - +0 pair of gloves
SustAt .         Harm     .     (no boots)
MR     .....                    N - +4 amulet of reflection
Stlth  ..........               O - ring of positive energy
                                e - ring of positive energy

@: berserking (expiring), very quick, not resistant to hostile enchantments,
extremely unstealthy
A: retaliatory headbutt, horns 2
a: Berserk, Trog's Hand, Brothers in Arms, Burn Spellbooks, Renounce Religion


You were in an ice cave.
You worshipped Trog.
Trog was extremely pleased with you.
You were hungry.

You visited 2 branches of the dungeon, and saw 12 of its levels.
You also visited: Ice Cave.

You collected 602 gold pieces.

Inventory:

Hand Weapons
 a - a +0 hand axe
 A - a +0 war axe
 Q - a +1 battleaxe of venom (weapon)
Armour
 i - a +0 chain mail (worn)
 k - a +0 hat (worn)
 x - a +0 pair of gloves (worn)
 L - a +0 cloak (worn)
Jewellery
 e - a ring of positive energy (left hand)
 N - a +4 amulet of reflection (around neck)
 O - a ring of positive energy (right hand)
Wands
 b - a wand of teleportation (6/9)
 F - a wand of flame (27/48)
 M - a wand of draining (8/15)
 P - a wand of paralysis (12/24)
Scrolls
 d - 3 scrolls of fog
 g - 9 scrolls of identify
 h - 4 scrolls of teleportation
 v - 4 scrolls of blinking {unknown}
 y - a scroll of amnesia {unknown}
 B - 8 scrolls of remove curse
 G - 2 scrolls of fear {unknown}
 I - 2 scrolls of enchant armour {unknown}
 K - a scroll of immolation {unknown}
 T - 3 scrolls of noise {unknown}
 W - a scroll of summoning {unknown}
Potions
 j - 4 potions of heal wounds
 l - 3 potions of agility {unknown}
 m - 5 potions of curing
 o - a potion of magic {unknown}
 q - a potion of ambrosia {unknown}
 s - a potion of poison {unknown}
 t - 3 potions of lignification {unknown}
 u - 2 potions of degeneration {unknown}
 w - 2 potions of flight {unknown}
 z - 2 potions of cancellation {unknown}
 E - a potion of mutation {unknown}
 H - a potion of haste {unknown}
 J - 2 potions of cure mutation {unknown}
 S - a potion of brilliance {unknown}
Books
 C - a book of the Dragon

   Spells                             Type                      Level
   a - Flame Tongue                   Conjuration/Fire             1
   b - Cause Fear                     Hexes                        4
   c - Bolt of Fire                   Conjuration/Fire             6
   d - Dragon Form                    Transmutation                7
   e - Dragon's Call                  Summoning                    9
   Trog disapproves of the use of such an item.
 R - a book of Dreams

   Spells                             Type                      Level
   a - Ensorcelled Hibernation        Hexes/Ice                    2
   b - Phase Shift                    Translocation                5
   c - Shadow Creatures               Summoning                    5
   d - Silence                        Hexes/Air                    5
   e - Darkness                       Hexes                        6
   f - Mass Confusion                 Hexes                        6
   Trog disapproves of the use of such an item.
Comestibles
 c - 12 bread rations
 f - 3 beef jerkies
 n - a royal jelly
 p - 9 slices of pizza
 r - 6 meat rations
 D - 20 chunks of flesh
 U - 3 fruits


   Skills:
 + Level 16.3 Fighting
 + Level 16.3 Axes
 - Level 2.4 Armour
 - Level 2.1 Dodging


You had 11 spell levels left.
You didn't know any spells.

Dungeon Overview and Level Annotations

Branches:
Dungeon (11/15)            Temple (0/1) D:4            Lair (1/8) D:11
    Orc (0/2) D:9

Altars:
Dithmenos
Elyvilon
Fedhas
Qazlal
Ru
Sif Muna
Trog
Vehumet
Yredelemnul
Beogh

Shops:
D:6 [


Innate Abilities, Weirdness & Mutations

You reflexively headbutt those who attack you in melee.
You have a pair of horns on your head.


Message History

The polar bear barely misses you. You block the polar bear's attack.
You block the polar bear's attack.
You barely miss the polar bear. You headbutt the polar bear!
The polar bear is almost dead.
The polar bear goes berserk!
You slash the polar bear!
The polar bear is poisoned.
The polar bear is almost dead.
You closely miss the yak. The polar bear bites you!
* * * LOW HITPOINT WARNING * * *
The polar bear claws you.
* * * LOW HITPOINT WARNING * * *
You block the polar bear's attack.
You are too berserk!
You open the polar bear like a pillowcase!!!
You kill the polar bear!
Trog accepts your kill.
You slash the yak!
The yak is heavily wounded.
The yak gores you!
You die...

#####
##...##
##..∩..##
#.......#
#...∩...#
##.....##
##...##
##†..#
#..@##
#.Y†#
##...
##...
##..# .##
##


You could see a yak.

Vanquished Creatures
  Gastronok (D:8)
  Snorg (D:10)
  A centaur warrior (D:11)
  The ghost of root the Carver, a novice MiBe of Trog (D:11)
  2 hill giants
  Maurice (D:8)
  Joseph (D:9)
  A fire drake (D:11)
  6 polar bears (IceCv)
  Prince Ribbit (D:7)
  Grinder (D:3)
  A two-headed ogre (D:9)
  12 yaks
  A shadow (D:11)
  A human (D:7)
  A hog (D:7)
  3 hippogriffs
  A wraith (D:11)
  2 wyverns
  A wolf (IceCv)
  The ghost of braks the Sneak, an amateur GrEE (D:3)
  Duvessa (D:4)
  11 orc warriors
  2 ice beasts
  A necrophage (D:9)
  A porcupine (Lair:1)
  A black bear (D:7)
  3 phantoms
  A wasp (D:11)
  4 sky beasts
  6 centaurs
  7 giant frogs
  2 big kobolds
  Dowan (D:4)
  3 scorpions
  3 wights (D:9)
  16 killer bees
  6 crimson imps
  A centaur zombie (D:5)
  5 hounds
  A quasit (D:8)
  3 centaur skeletons
  3 gnoll shamans
  10 orc priests
  2 jellies
  14 orc wizards
  8 worker ants
  Jessica (D:2)
  A giant frog skeleton (D:9)
  6 iguanas
  Ijyb (D:2)
  3 sheep (D:7)
  4 hound skeletons
  2 hound zombies
  A worker ant zombie (D:9)
  11 gnolls
  2 shadow imps
  12 adders
  An ooze (D:3)
  An adder zombie (D:9)
  An adder skeleton (D:8)
  A worm (D:3)
  6 giant geckos
  57 orcs
  6 ball pythons
  5 goblins
  7 hobgoblins
  5 jackals
  21 kobolds
  5 quokkas
  10 bats
  9 giant cockroaches
  2 giant gecko skeletons
  5 giant newts
  6 rats
349 creatures vanquished.

Notes
Turn   | Place    | Note
--------------------------------------------------------------
     0 | D:1      | pk666 the Minotaur Berserker began the quest for the Orb.
     0 | D:1      | Reached XP level 1. HP: 19/19 MP: 0/0
   126 | D:1      | Reached skill level 4 in Axes
   159 | D:1      | Reached XP level 2. HP: 27/27 MP: 1/1
   777 | D:2      | Reached XP level 3. HP: 34/34 MP: 2/2
   923 | D:2      | Found a sacrificial altar of Ru.
   954 | D:2      | Reached ** piety under Trog
  1136 | D:2      | Noticed Jessica
  1140 | D:2      | Killed Jessica
  1140 | D:2      | Reached skill level 5 in Fighting
  1140 | D:2      | Reached XP level 4. HP: 28/42 MP: 3/3
  1169 | D:2      | Noticed Ijyb
  1180 | D:2      | Killed Ijyb
  1180 | D:2      | Reached skill level 5 in Axes
  1644 | D:3      | Noticed braks's ghost (amateur GrEE)
  1655 | D:3      | Killed braks's ghost
  1655 | D:3      | Reached skill level 6 in Fighting
  1655 | D:3      | Reached XP level 5. HP: 32/50 MP: 4/4
  1768 | D:3      | Found a deep blue altar of Sif Muna.
  1778 | D:3      | Noticed Grinder
  1789 | D:3      | Paralysed by Grinder for 6 turns
  1801 | D:3      | Paralysed by Grinder for 7 turns
  1811 | D:3      | Killed Grinder
  1811 | D:3      | Reached XP level 6. HP: 5/58 MP: 5/5
  2213 | D:3      | Reached skill level 7 in Fighting
  2513 | D:3      | You fall through a shaft!
  2514 | D:4      | Found a staircase to the Ecumenical Temple.
  2575 | D:4      | Reached *** piety under Trog
  2579 | D:4      | Reached XP level 7. HP: 23/66 MP: 6/6
  2852 | D:4      | Noticed Duvessa
  2852 | D:4      | Noticed Dowan
  2863 | D:4      | Killed Duvessa
  2871 | D:4      | Killed Dowan
  2871 | D:4      | Reached skill level 8 in Axes
  3140 | D:4      | Found a blossoming altar of Fedhas.
  3144 | D:4      | Found a stormy altar of Qazlal.
  3150 | D:4      | Found a basalt altar of Yredelemnul.
  3865 | D:5      | Entered Level 5 of the Dungeon
  4093 | D:5      | Found a radiant altar of Vehumet.
  4097 | D:5      | Reached XP level 8. HP: 75/75 MP: 7/7
  4147 | D:5      | Reached **** piety under Trog
  4283 | D:5      | Reached skill level 9 in Fighting
  5205 | D:6      | Found Ingiengi's Armour Shop.
  5299 | D:6      | Reached skill level 10 in Fighting
  5299 | D:6      | Reached skill level 10 in Axes
  5806 | D:6      | Reached XP level 9. HP: 62/86 MP: 8/8
  6014 | D:6      | Found a bloodstained altar of Trog.
  6349 | D:7      | Reached skill level 11 in Axes
  6854 | D:7      | Noticed Prince Ribbit
  6858 | D:7      | Killed Prince Ribbit
  6871 | D:7      | Reached ***** piety under Trog
  7166 | D:7      | Reached skill level 12 in Axes
  7671 | D:8      | You fall through a shaft for 2 floors!
  7671 | D:10     | Entered Level 10 of the Dungeon
  7749 | D:10     | Noticed Snorg
  7762 | D:10     | Killed Snorg
  7762 | D:10     | Reached XP level 10. HP: 54/100 MP: 9/9
  8000 | D:10     | Noticed a hill giant
  8011 | D:10     | Killed a hill giant
  8101 | D:10     | Reached skill level 13 in Fighting
  9022 | D:8      | Noticed Maurice
  9036 | D:8      | Killed Maurice
  9422 | D:8      | Noticed Gastronok
  9437 | D:8      | Killed Gastronok
  9437 | D:8      | Reached skill level 14 in Fighting
  9437 | D:8      | Reached XP level 11. HP: 46/110 MP: 10/10
  9699 | D:8      | Found a white marble altar of Elyvilon.
  9709 | D:8      | Received a gift from Trog
  9721 | D:8      | Paralysed by something for 3 turns
 10435 | D:9      | Found a staircase to the Orcish Mines.
 10442 | D:9      | Found a roughly hewn altar of Beogh.
 10708 | D:9      | Found a shadowy altar of Dithmenos.
 10771 | D:9      | Noticed Joseph
 10782 | D:9      | Killed Joseph
 11267 | D:11     | Noticed root's ghost (novice MiBe)
 11283 | D:11     | Killed root's ghost
 11283 | D:11     | Reached skill level 15 in Fighting
 11283 | D:11     | Reached skill level 15 in Axes
 11614 | D:11     | Noticed a centaur warrior
 11622 | D:11     | Killed a centaur warrior
 12882 | D:11     | Found a staircase to the Lair.
 13040 | D:11     | Noticed a hill giant
 13044 | D:11     | Killed a hill giant
 13379 | Lair:1   | Entered Level 1 of the Lair of Beasts
 13448 | Lair:1   | Reached XP level 12. HP: 102/122 MP: 11/11
 13451 | Lair:1   | Reached skill level 16 in Fighting
 13454 | Lair:1   | Received a gift from Trog
 13472 | Lair:1   | Found a frozen archway.
 13478 | IceCv    | Entered an ice cave
 13515 | IceCv    | HP: 8/183 [polar bear (6)]
 13516 | IceCv    | Slain by a yak

Vault maps used:
D:1:      grunt_arrival_crossed_arrows, feat_on_display
D:2:      nicolae_ru_awakened_eye, uniq_jessica, uniq_iyjb
D:3:      nicolae_overflow_crystal_walls, first_bread, minivault_5,
          item_on_display_a, uniq_grinder
D:4:      minmay_overflow_temple_star_quad, minmay_temple_entry_grid,
          uniq_duvessa
D:5:      vehumet_altar_wand_db, serial_bayou_lagoon_a
D:6:      kennysheep_mini, serial_shops, shop
D:7:      grunt_livestock, uniq_prince_ribbit1
D:8:      nicolae_whirlpool, elyvilon_altar_1, uniq_gastronok, uniq_maurice
D:9:      grunt_dithmenos_shadows, minmay_orc_entry_temple_small, uniq_joseph
D:10:     kennysheep_generic_room_8, uniq_snorg
D:11:     minmay_lair_entry_lava
Lair:1:   portal_ice_cave_entry_pillars_03, patterned_corridor
IceCv:    ice_cave_small_giant

Action                   |  1- 3 |  4- 6 |  7- 9 | 10-12 || total
-------------------------+-------+-------+-------+-------++-------
Melee: Hand axe          |    98 |   111 |    54 |       ||   263
       War axe           |       |       |   253 |   154 ||   407
       Battleaxe         |       |       |       |   290 ||   290
Invok: Berserk           |       |     2 |     2 |     1 ||     5
       Burn Spellbooks   |       |       |     1 |       ||     1
  Use: Scroll            |       |     7 |       |     1 ||     8
  Eat: Chunk             |     1 |     5 |    19 |    13 ||    38
       Fruit             |       |       |       |     2 ||     2
       Beef jerky        |       |       |       |     2 ||     2
       Pizza             |       |       |       |     1 ||     1
